Map: Radhuset Station LE

Players

Fear - Winner!

  • Race: Zerg Zerg
  • Spawn Location: 1:00

Wormneurax

  • Race: Protoss Protoss
  • League: Master
  • Spawn Location: 7:00

VOD

Have the link to the VOD?

Description

Time

  • Played on: March 21, 2024, 10:30 p.m.
  • Length: 8:25
Show
View Real Time Build Order
Export as new Build Order

Fear Zerg - Winner!

Build Orders: Pool First 

Get SALT Encoding   

  12  0:00  Drone  
  13  0:12  Overlord  
  13  0:21  Drone  
  14  0:36  Drone x2  
  16  0:43  Spawning Pool  
  16  0:46  Drone  
  16  1:10  Hatchery  
  15  1:12  Drone  
  15  1:17  Extractor  
  15  1:21  Drone  
  16  1:30  Queen  
  18  1:33  Zergling x2  
  18  1:35  Zergling x2  
  20  1:48  Roach Warren  
  20  1:51  Drone  
  20  1:56  Drone  
  21  2:31  Roach x3  
  21  2:33  Overlord  
  27  2:51  Roach x2  
  27  2:52  Roach x2  
  27  2:55  Overlord  
  35  3:31  Drone x8  
  43  3:37  Ravager  
  44  3:48  Overlord  
  44  3:49  Overlord  
  42  4:44  Drone x6  
  48  5:05  Drone x2  
  50  5:26  Drone x4  
  43  5:34  Extractor  
  40  5:36  Extractor  
  40  5:40  Extractor  
  38  5:45  Queen  
  38  5:48  Lair  
  38  5:49  Metabolic Boost  
  40  6:05  Evolution Chamber  
  40  6:07  Evolution Chamber  
  38  6:14  Drone  
  38  6:15  Drone x7  
  38  6:17  Drone  
  45  6:38  Zergling x2  
  45  6:39  Zergling x6  
  42  6:42  Zergling x2  
  42  6:43  Zergling x4  
  43  6:55  Spine Crawler  
  29  7:19  Zergling x8  
  29  7:20  Zergling x10  
  36  7:31  Spawning Pool  
  27  8:00  Zergling x14  
  36  8:10  Drone x3  
Show
View Real Time Build Order
Export as new Build Order

Wormneurax Protoss 

Build Orders:  

Get SALT Encoding   

  12  0:00  Probe (Chrono Boost)  
  13  0:10  Probe (Chrono Boost)  
  14  0:16  Probe  
  15  0:36  Pylon  
  15  0:54  Probe (Chrono Boost)  
  16  1:01  Assimilator  
  16  1:04  Assimilator  
  16  1:06  Probe (Chrono Boost)  
  17  1:15  Gateway, Probe (Chrono Boost)  
  18  1:20  Probe  
  19  1:27  Pylon  
  19  1:32  Probe  
  20  1:38  Gateway  
  20  1:41  Gateway  
  20  1:44  Probe  
  21  1:56  Probe  
  22  2:03  Zealot  
  24  2:09  Probe  
  25  2:16  Cybernetics Core  
  25  2:31  Nexus  
  25  2:36  Probe  
  26  2:48  Probe  
  27  2:51  Warp Gate (Chrono Boost)  
  27  2:57  Pylon  
  27  3:00  Probe  
  28  3:12  Probe  
  29  3:22  Pylon  
  29  3:29  Robotics Facility  
  29  3:31  Robotics Facility  
  29  3:33  Robotics Facility  
  29  3:34  Probe (Chrono Boost)  
  30  3:45  Probe (Chrono Boost)  
  30  3:46  Probe (Chrono Boost)  
  32  3:52  Assimilator  
  32  3:54  Probe x2 (Chrono Boost)  
  34  3:58  Assimilator  
  34  3:59  Probe (Chrono Boost)  
  25  4:42  Immortal x3  
  35  4:52  Stalker x2  
  17  5:11  Zealot  
  15  6:22  Probe  
  16  7:39  Probe (Chrono Boost)  
  13  7:50  Probe (Chrono Boost)  
  6  7:55  Probe (Chrono Boost)  
  8  8:06  Probe (Chrono Boost)  
Tags
 
Add a new tag
Caveats
  • Supply blocks, unpowered buildings, or Contaminate may cause inaccurate times.
  • Supply counts are checked every 10 seconds.